Map: Catalyst LE

Players

Optimus

  • Race: Terran Terran
  • Spawn Location: 5:00

kauP - Winner!

  • Race: Terran Terran
  • Spawn Location: 11:00

Event: WCS Leipzig 2018

VOD

Have the link to the VOD?

Description

Time

  • Played on: Jan. 26, 2018, 11:42 a.m.
  • Length: 19:45

All games in this series

Show
View Real Time Build Order
Export as new Build Order

Optimus Terran 

Build Orders: Cyclone Opening 

Get SALT Encoding   

  12  0:00  SCV  
  13  0:12  SCV  
  14  0:17  Supply Depot  
  14  0:24  SCV  
  15  0:28  Refinery  
  15  0:39  SCV  
  16  0:46  Barracks  
  16  0:51  SCV  
  17  1:03  SCV  
  18  1:15  SCV  
  19  1:32  Orbital Command  
  19  1:33  Reaper  
  20  1:41  Refinery  
  20  1:45  Bunker, Supply Depot  
  20  1:50  Factory  
  20  1:59  SCV  
  21  2:05  Marine  
  21  2:16  SCV  
  22  2:23  Marine  
  22  2:28  SCV  
  24  2:34  Cyclone  
  26  2:40  SCV, Marine  
  26  2:42  Supply Depot  
  27  2:53  SCV  
  24  3:05  SCV  
  25  3:13  Starport  
  25  3:15  Barracks Reactor  
  25  3:18  SCV  
  27  3:20  Hellion  
  27  3:30  SCV  
  28  3:44  Command Center  
  28  3:49  SCV  
  28  3:53  Marine x2  
  30  4:01  Viking  
  32  4:05  SCV  
  32  4:18  SCV  
  33  4:26  Supply Depot  
  33  4:30  Cyclone x2  
  39  4:34  Starport Tech Lab  
  39  4:43  SCV  
  36  4:55  SCV, Raven  
  39  5:04  Cyclone x2  
  45  5:11  Supply Depot  
  45  5:12  SCV  
  46  5:24  SCV  
  47  5:36  SCV  
  47  5:37  Orbital Command  
  47  5:38  Cyclone x2  
  53  5:48  SCV  
  41  6:00  SCV  
  38  6:16  SCV  
  38  6:17  SCV  
  40  6:28  SCV  
  40  6:31  SCV  
  43  6:41  SCV  
  43  6:43  SCV  
  42  6:47  Cyclone x2  
  42  6:53  SCV  
  50  7:05  SCV  
  50  7:08  SCV  
  51  7:10  Command Center  
  53  7:26  Armory x2  
  53  7:28  Refinery  
  53  7:29  Refinery  
  51  7:30  SCV  
  51  7:32  SCV  
  52  7:42  SCV  
  53  7:45  SCV  
  53  7:50  Supply Depot  
  54  7:56  SCV  
  54  7:58  SCV, Cyclone  
  56  8:04  Cyclone  
  62  8:09  SCV  
  62  8:10  SCV  
  64  8:16  Terran Vehicle Weapons Level 1  
  64  8:19  Terran Vehicle And Ship Armor Level 1  
  64  8:21  SCV  
  63  8:31  SCV  
  63  8:33  SCV, Factory  
  65  8:45  Cyclone  
  65  8:47  Cyclone  
  71  8:52  SCV x2  
  71  9:04  SCV x2  
  73  9:16  SCV  
  77  9:17  Cyclone  
  77  9:18  Siege Tank  
  77  9:20  Cyclone  
  77  9:22  SCV  
  84  9:28  SCV  
  84  9:29  Barracks Tech Lab  
  85  9:34  SCV  
  85  9:35  Factory  
  85  9:36  Supply Depot  
  86  9:40  SCV  
  87  9:46  SCV, Starport Reactor  
  87  9:50  Siege Tank  
  87  9:52  SCV  
  92  9:58  SCV  
  92  9:59  Hellion x2  
  97  10:04  SCV  
  96  10:10  SCV  
  96  10:13  Terran Vehicle Weapons Level 2  
  97  10:14  Terran Vehicle And Ship Armor Level 2  
  97  10:16  Refinery, Supply Depot, Orbital Command  
  97  10:19  Refinery, SCV  
  98  10:22  SCV  
  99  10:31  SCV  
  99  10:32  Supply Depot  
  100  10:38  Siege Tank  
  100  10:41  SCV  
  104  10:46  Hellion x2  
  104  10:47  Siege Tank  
  104  10:48  SCV  
  109  10:53  SCV, Supply Depot  
  109  10:56  Viking x2  
  111  11:02  SCV  
  102  11:07  SCV  
  102  11:09  Hellion x2  
  104  11:16  SCV x2  
  100  11:22  Siege Tank  
  100  11:23  Siege Tank  
  106  11:31  Viking  
  108  11:35  SCV  
  108  11:38  SCV  
  110  11:44  Hellion x2  
  110  11:45  Viking  
  116  11:49  SCV x2  
  118  11:56  Factory  
  118  12:01  Viking  
  118  12:07  Siege Tank x2  
  125  12:26  Hellion x2  
  125  12:32  Liberator  
  118  12:37  SCV, Liberator  
  118  12:39  SCV, Siege Tank x2  
  118  12:44  SCV  
  120  12:47  Hellion  
  120  12:48  Hellion  
  120  12:49  SCV  
  128  12:57  Command Center  
  128  12:58  Factory Tech Lab  
  129  13:00  Factory  
  129  13:01  SCV x2  
  131  13:09  Hellion  
  132  13:12  Supply Depot  
  132  13:17  Hellion, SCV  
  132  13:18  SCV  
  133  13:23  Barracks Reactor  
  133  13:26  Terran Vehicle Weapons Level 3  
  133  13:33  Siege Tank  
  133  13:34  Hellion, Viking, Siege Tank  
  133  13:38  Viking  
  136  13:48  Hellion x2  
  134  13:50  Cyclone  
  134  13:53  SCV  
  134  13:54  SCV  
  136  13:55  Cyclone  
  135  14:04  Supply Depot, Viking  
  135  14:07  Siege Tank  
  135  14:08  Supply Depot, Viking  
  135  14:09  Siege Tank  
  143  14:17  Terran Vehicle And Ship Armor Level 3  
  143  14:20  Cyclone  
  146  14:33  Siege Tank  
  146  14:37  Liberator x2  
  146  14:38  Hellion x2  
  150  14:56  Hellion x2  
  160  15:01  Supply Depot  
  164  15:14  Hellion x2  
  164  15:20  Starport  
  164  15:37  Viking  
  163  15:43  Siege Tank x2  
  163  15:44  Hellion x2  
  161  15:53  Viking  
  153  16:03  Terran Ship Weapons Level 1  
  144  16:06  Hellion x2, Siege Tank  
  144  16:07  Viking  
  150  16:15  Viking, Siege Tank  
  150  16:16  Siege Tank  
  155  16:23  Viking  
  157  16:37  Viking  
  157  16:38  Siege Tank  
  159  16:51  Viking  
  159  16:53  Viking  
  163  16:55  Cyclone x2  
  164  17:13  Liberator  
  148  17:16  Hellion x2  
  148  17:17  Siege Tank  
  128  17:25  Siege Tank  
  128  17:26  SCV x2  
  128  17:27  Hellion  
  132  17:32  Hellion  
  131  17:38  Hellion, Refinery  
  131  17:41  Refinery  
  120  17:44  Viking x2  
  110  17:54  Hellion  
  110  17:55  Hellion  
  114  18:01  Cyclone  
  113  18:07  Cyclone  
  110  18:13  Viking  
  110  18:14  Cyclone  
  110  18:19  Hellion x2  
  115  18:20  Hellion  
  109  18:33  Cyclone  
  106  18:39  Cyclone  
  95  18:50  Viking  
  91  19:03  Viking  
Show
View Real Time Build Order
Export as new Build Order

kauP Terran - Winner!

Build Orders:  

Get SALT Encoding   

  12  0:00  SCV  
  13  0:13  SCV  
  14  0:19  Supply Depot  
  14  0:27  Refinery  
  14  0:43  Barracks  
  14  1:00  Barracks  
  14  1:05  SCV  
  15  1:17  SCV  
  16  1:22  Refinery  
  16  1:30  Reaper  
  17  1:41  Orbital Command  
  17  1:48  Reaper  
  18  2:02  Reaper  
  19  2:08  SCV  
  19  2:20  Reaper  
  19  2:21  SCV  
  21  2:32  Factory  
  21  2:34  Reaper  
  22  2:38  Supply Depot  
  22  2:43  SCV  
  23  2:56  Reaper  
  22  3:10  SCV  
  22  3:18  Cyclone  
  24  3:21  Starport  
  24  3:23  SCV  
  26  3:35  SCV  
  26  3:36  Supply Depot  
  26  3:47  SCV  
  27  3:50  Cyclone  
  30  3:59  SCV  
  31  4:04  Liberator  
  31  4:11  SCV  
  32  4:23  SCV, Cyclone  
  39  4:25  Supply Depot  
  39  4:39  Command Center  
  39  4:52  SCV  
  40  5:00  Supply Depot  
  40  5:01  Factory Reactor  
  40  5:05  Engineering Bay  
  40  5:11  Viking  
  40  5:13  SCV  
  43  5:22  Supply Depot  
  43  5:30  SCV  
  44  5:36  Factory x2  
  44  5:41  Cyclone  
  47  5:47  SCV  
  46  5:54  Cyclone  
  47  6:03  Orbital Command  
  43  6:12  Refinery  
  40  6:19  Orbital Command  
  40  6:20  Refinery, Cyclone  
  45  6:25  Hellion  
  45  6:39  Cyclone  
  46  6:40  SCV  
  46  6:46  SCV  
  48  6:52  SCV, Cyclone  
  52  6:58  SCV  
  53  7:04  SCV  
  54  7:10  SCV  
  54  7:13  Cyclone  
  58  7:16  SCV  
  58  7:17  Supply Depot  
  59  7:22  SCV  
  59  7:25  Armory  
  59  7:28  SCV  
  59  7:29  Cyclone  
  63  7:35  SCV  
  64  7:37  Supply Depot  
  64  7:39  Cyclone  
  64  7:41  SCV  
  68  7:44  Supply Depot  
  68  7:47  SCV  
  69  7:53  SCV  
  69  7:55  Barracks  
  68  7:59  SCV  
  68  8:01  Cyclone x2  
  68  8:05  SCV  
  76  8:13  Command Center  
  76  8:20  Factory Tech Lab x2  
  76  8:21  Starport Reactor  
  76  8:22  SCV x2  
  78  8:34  SCV x2, Terran Vehicle Weapons Level 1  
  80  8:36  Armory  
  80  8:41  Hellion x2  
  84  8:49  Supply Depot  
  84  8:50  SCV x2  
  84  8:52  Siege Tank  
  89  9:07  SCV x2  
  89  9:09  Siege Tank  
  93  9:19  Hellion x2, SCV x2  
  93  9:22  Viking x2  
  103  9:26  Orbital Command  
  103  9:31  SCV  
  103  9:34  Terran Vehicle And Ship Armor Level 1  
  104  9:43  Siege Tank  
  107  9:55  Viking  
  107  9:59  Hellion x2  
  113  10:02  Supply Depot  
  113  10:05  Missile Turret  
  113  10:07  Orbital Command, Missile Turret  
  113  10:08  SCV x2  
  113  10:12  Supply Depot  
  115  10:17  Siege Tank  
  115  10:20  Refinery  
  118  10:22  Refinery  
  118  10:31  Sensor Tower  
  118  10:35  SCV  
  118  10:36  SCV  
  118  10:39  Siege Tank  
  123  10:49  Siege Tank  
  126  10:55  Hellion x2  
  127  11:07  SCV x2  
  118  11:12  Siege Tank  
  118  11:16  Hellion  
  123  11:21  SCV x2, Siege Tank  
  128  11:27  Command Center  
  128  11:30  Viking x2  
  132  11:38  Terran Vehicle Weapons Level 2  
  132  11:40  Supply Depot  
  132  11:44  Siege Tank  
  132  11:45  Terran Vehicle And Ship Armor Level 2  
  132  11:46  Hellion, SCV  
  132  11:47  SCV  
  139  11:51  Supply Depot  
  136  12:04  Siege Tank  
  139  12:16  Siege Tank  
  134  12:26  SCV x3  
  133  12:30  Hellion, Viking x2  
  133  12:31  Hellion  
  133  12:37  Siege Tank  
  140  12:41  SCV x2  
  140  12:48  Siege Tank  
  139  12:52  Hellion  
  139  12:54  Starport, Factory  
  141  12:59  Refinery, SCV x2  
  141  13:04  Viking  
  146  13:07  SCV  
  146  13:09  Orbital Command, Siege Tank  
  146  13:11  SCV  
  150  13:20  Liberator, Siege Tank  
  150  13:22  Supply Depot  
  150  13:24  SCV  
  150  13:25  SCV  
  155  13:28  Factory  
  155  13:30  Refinery  
  153  13:36  Viking  
  153  13:37  Viking  
  155  13:49  Liberator  
  155  13:52  Hellion x2  
  159  14:00  SCV x3  
  162  14:07  Viking  
  162  14:08  Starport  
  167  14:11  Starport  
  167  14:19  Liberator  
  167  14:20  Viking  
  164  14:35  Command Center  
  161  14:41  Starport x2  
  161  14:49  Viking  
  161  14:50  Viking  
  159  14:54  Viking x2  
  159  14:59  Hellion x3  
  163  15:00  Hellion  
  163  15:09  Siege Tank  
  163  15:10  Cyclone  
  159  15:19  Viking x2  
  159  15:20  Viking  
  155  15:32  Viking  
  155  15:33  Viking  
  155  15:34  Viking  
  156  15:36  Viking  
  143  15:45  Supply Depot  
  143  15:46  Supply Depot x2  
  143  15:47  Liberator x2  
  130  15:52  Viking x3  
  122  16:04  Liberator x3  
  122  16:15  Orbital Command  
  122  16:22  Liberator  
  131  16:28  Orbital Command  
  131  16:32  Viking  
  133  16:36  Liberator  
  131  16:51  Hellion  
  131  16:52  Hellion  
  136  16:54  Refinery  
  136  16:56  SCV x4  
  136  16:58  Refinery  
  140  17:11  Viking x2  
  106  17:23  Viking x2  
  106  17:27  Viking x2  
  110  17:32  SCV x3, Liberator x2  
  111  17:37  Viking  
  109  17:59  Siege Tank  
  109  18:00  Hellion x2  
  114  18:10  Siege Tank  
  114  18:11  Hellion x2  
  121  18:21  Viking x2  
  125  18:29  Hellion  
  125  18:30  Hellion  
  125  18:32  Siege Tank  
  134  18:34  Hellion  
  129  18:42  Siege Tank  
  129  18:47  Hellion  
  126  18:51  Hellion  
  121  18:58  Hellion x2  
  111  19:04  Siege Tank  
  111  19:09  SCV x3  
  111  19:16  Hellion  
  105  19:21  SCV x2  
Tags
 
Add a new tag
Caveats
  • Supply blocks, unpowered buildings, or Contaminate may cause inaccurate times.
  • Supply counts are checked every 10 seconds.